 Dungeon Crawl Stone Soup version 0.25-a0-890-g62861fb195 (webtiles) character file.

Game seed: 14749254089009044670, levelgen mode: classic

44 EnegeticOcto the Skirmisher (level 3, -3/26 HPs)
             Began as an Octopode Fighter on May 2, 2020.
             Slain by a gnoll
             ... wielding a +0 flail of venom
              (6 damage)
             ... on level 2 of the Dungeon.
             The game lasted 00:00:19 (1062 turns).

EnegeticOcto the Skirmisher (Octopode Fighter)      Turns: 1062, Time: 00:00:20

Health: -3/26      AC:  1    Str: 15    XL:     3   Next: 60%
Magic:  3/3        EV: 11    Int: 10    God:
Gold:   67         SH:  8    Dex: 12    Spells: 2/2 levels left

rFire    . . .     SeeInvis .   a - +0 long sword
rCold    . . .     Gourm    .   b - +0 kite shield
rNeg     . . .     Faith    .   (helmet restricted)
rPois    .         Spirit   .   (no amulet)
rElec    .         Reflect  .   (no ring)
rCorr    .         Harm     .   (no ring)
MR       .....                  (no ring)
Stlth    ++........             (no ring)
HPRegen  0.08/turn              (no ring)
MPRegen  0.08/turn              (no ring)
                                (no ring)
                                (no ring)

@: lethally poisoned (-3 -> -11)
A: almost no armour, stealthy swim, amphibious, 8 rings, constrict 8, camouflage
1, gelatinous body 1
a: no special abilities


You were on level 2 of the Dungeon.
You were not hungry.

You visited 1 branch of the dungeon, and saw 2 of its levels.

You collected 67 gold pieces.

Inventory:

Hand Weapons
 a - a +0 long sword (weapon)
Armour
 b - a +0 kite shield (worn)
Scrolls
 g - a scroll of identify {unknown}
 h - a scroll of immolation {unknown}
 m - a scroll of blinking {unknown}
Potions
 c - a potion of berserk rage {unknown}
 d - a potion of degeneration {unknown}
 f - a potion of haste {unknown}
 j - a potion of invisibility {unknown}
 k - a potion of might {@q3}
 l - a potion of lignification {unknown}
Comestibles
 e - 2 rations
 i - 3 chunks of flesh


   Skills:
 + Level 3.4 Fighting
 * Level 3.1 Long Blades
 - Level 3.0 Dodging
 + Level 3.3 Shields


You had 2 spell levels left.
You didn't know any spells.
Your spell library was empty.

Dungeon Overview and Level Annotations

Branches:
Dungeon (2/15)

Altars:


Innate Abilities, Weirdness & Mutations

You cannot wear most types of armour.
You are very stealthy in the water. (Stealth+)
You are amphibious.
You can wear up to eight rings at the same time.
You can use your tentacles to constrict eight enemies at once.
Your skin changes colour to match your surroundings (Stealth+).
Your rubbery body absorbs attacks. (AC +1, EV +1)


Message History

The leopard gecko bites you.
You hit the leopard gecko but do no damage.
You grab the leopard gecko. You squeeze the leopard gecko.
You kill the leopard gecko!
No target in view!
No target in view!
No target in view!
No target in view!
No target in view!
A bat comes into view.
The bat hits you.
A bat is nearby!
A bat is nearby!
A bat is nearby!
A bat is nearby!
A bat is nearby!
You slash the bat!
You kill the bat!
You have reached level 3!
Your experience leads to an increase in your attributes!
Increase (S)trength, (I)ntelligence, or (D)exterity?
You feel agile.
You butcher the bat corpse.
i - 3 chunks of flesh (gained 1)
You see here a bat skeleton. x2
A quokka comes into view.
A quokka is nearby!
A quokka is nearby!
A quokka is nearby!
A quokka is nearby!
A quokka is nearby!
A quokka is nearby! 3 gnolls come into view.
A gnoll is wielding a +0 flail of venom.
The gnoll shouts!
You hear a shout!
The gnoll shouts! x2
The quokka closely misses you.
The gnoll moves out of view.
A gnoll comes into view. It is wielding a +0 spear.
You hit the quokka but do no damage. Your grab misses the quokka.
The quokka barely misses you.
You completely miss the quokka. Your grab misses the quokka.
The quokka bites you.
The gnoll hits you from afar with a +0 spear.
You block the quokka's attack.
You hit the quokka. You grab the quokka.
The quokka is severely wounded.
You constrict the quokka, but do no damage.
The quokka barely misses you.
The gnoll hits you from afar with a +0 spear!
The quokka closely misses you. The gnoll hits you but does no damage.
You hit the quokka.
The quokka is almost dead.
You constrict the quokka.
You kill the quokka!
The gnoll closely misses you. The gnoll hits you with a +0 spear!
* * * LOW HITPOINT WARNING * * *
You see here a quokka corpse.
You are too injured to fight recklessly!
There are monsters nearby!
There are monsters nearby!
There are monsters nearby!
You are too injured to fight recklessly!
You are too injured to fight recklessly!
You are too injured to fight recklessly!
You are too injured to fight recklessly!
You are too injured to fight recklessly!
You are too injured to fight recklessly!
You block the gnoll's attack. The gnoll closely misses you.
You closely miss the gnoll. You grab the gnoll.
You constrict the gnoll, but do no damage.
The gnoll hits you with a +0 spear.
* * * LOW HITPOINT WARNING * * *
You slash the gnoll!
The gnoll is heavily wounded.
You constrict the gnoll. The gnoll closely misses you. x2
You hit the gnoll.
You kill the gnoll!
Your Long Blades skill increases to level 3!
The gnoll throws a throwing net.
You block the throwing net.
You hit the gnoll. You grab the gnoll. You squeeze the gnoll.
The gnoll is almost dead.
You constrict the gnoll.
You kill the gnoll!
The gnoll throws a throwing net.
You block the throwing net. The gnoll barely misses you.
You riposte.
You barely miss the gnoll. You grab the gnoll.
The gnoll hits you with a +0 flail of venom.
* * * LOW HITPOINT WARNING * * *
You are lethally poisoned!
Items here: ( )) † a +0 flail; a +0 spear; 2 throwing nets; a gnoll corpse Your shield prevents you from hitting the gnoll.
Your grab misses the gnoll. You squeeze the gnoll.
The gnoll is moderately wounded.
You constrict the gnoll.
* * * LOW HITPOINT WARNING * * *
You feel sick. The gnoll closely misses you.
The gnoll hits you with a +0 flail of venom.
You die...

#.##....# ###
### #.##.##.#
... ..#
#.##.##.# #.#
#.# #........
##.####.#
####.####
..g..#.#######.#
#.##.#.........#
#g##.#.#########
#g@(...#
########


You could see 2 gnolls.

Vanquished Creatures
  2 gnolls (D:2)
  An ooze (D:1)
  A leopard gecko (D:2)
  5 hobgoblins
  A kobold (D:2)
  A quokka (D:2)
  2 bats
  3 frilled lizards
  7 rats
23 creatures vanquished.

Notes
Turn   | Place    | Note
-------+----------+-------------------------------------------
     0 | D:1      | EnegeticOcto the Octopode Fighter began the quest for the
                  | Orb.
     0 | D:1      | Reached XP level 1. HP: 16/16 MP: 1/1
   134 | D:1      | Reached XP level 2. HP: 18/21 MP: 2/2
  1014 | D:2      | Reached XP level 3. HP: 25/26 MP: 3/3
  1062 | D:2      | Slain by a gnoll

Levels and vault maps discovered:
D:1:      lemuel_arrival_behind_the_door_small, layout_basic
D:2:      layout_loops_cross, minmay_pentomino_r2

Skill      XL: |  1  2  3 |
---------------+----------+-----
Long Blades    | 3 |  3.1
Fighting       | |  3.4
Dodging        | |  3.0
Shields        | |  3.3

Action                   || total
-------------------------++-------
Melee: Long sword        ||    35
       Tentacles         ||     8
       Constrict         ||    10
 Stab: Sleeping          ||     6
Armor: Skin              ||     1
Dodge: Dodged            ||    14
Block: Kite shield       ||    10
       Rpst.: Long sword ||     3

Table legend:
 A = Non-vault XP
 B = Vault XP
 C = Vault XP percentage of total XP
 D = Non-vault monster count
 E = Vault monster count
 F = Vault count percentage of total count
                 A         B        C        D         E       F
            +---------+---------+-------+---------+---------+-------
      Total |      63 |       0 |   0.0 |      23 |       0 |   0.0
            +---------+---------+-------+---------+---------+-------
        D:1 |      15 |       0 |   0.0 |       8 |       0 |   0.0
        D:2 |      48 |       0 |   0.0 |      15 |       0 |   0.0
            +---------+---------+-------+---------+---------+-------
